 Dungeon Crawl Stone Soup version 0.14-a0-1626-g054e7ae (webtiles) character file.

33893 Duskembrace the Severer (level 13, -1/122 HPs)
             Began as a Minotaur Berserker on Dec 24, 2013.
             Was the Champion of Trog.
             Killed from afar by an ice statue (23 damage)
             ... with a shard of ice
             ... in an ice cave on Dec 25, 2013.
             The game lasted 01:12:39 (12953 turns).

Duskembrace the Severer (Minotaur Berserker)       Turns: 12953, Time: 01:12:39

HP  -1/122       AC 24     Str 26      XL: 13   Next: 33%
MP   1/1         EV  7     Int  4      God: Trog [******]
Gold 991         SH  0     Dex 16      Spells:  0 memorised, 12 levels left

rFire  x . .     SeeInvis .     r - +1,+3 dwarf battleaxe (antimagic)
rCold  + . .     Clarity  +     u - +1 plate armour
rNeg   . . .     Conserve .     (no shield)
rPois  .         rCorr    .     (helmet unavailable)
rElec  .         rRot     .     P - +0 orc cloak
SustAb . .       Spirit   .     U - +2 pair of gloves
rMut   .         Warding  .     z - +0 pair of boots
Saprov . . .     Stasis   .     K - amulet of clarity
                                t - ring of ice
                                n - +3 ring of dexterity

@: exhausted, slowed, very slow, somewhat resistant to hostile enchantments,
extremely unstealthy
A: retaliatory headbutt, hooves 1, horns 3, agile 1, carnivore 1
a: Burn Spellbooks, Berserk, Trog's Hand, Brothers in Arms, Renounce Religion


You were in an ice cave.
You worshipped Trog.
Trog was exalted by your worship.
You were not hungry.

You visited 2 branches of the dungeon, and saw 18 of its levels.
You also visited: Ice Cave.

You collected 991 gold pieces.

Inventory:

Hand weapons
 a - a +2,+3 war axe of freezing
 b - a +0,+0 crossbow
 r - a +1,+3 dwarven anti-magic battleaxe (weapon)
 Q - a +0,+0 executioner's axe
Missiles
 h - 39 darts (quivered)
 s - 2 bolts of penetration
 F - 77 bolts
Armour
 m - a +0 pair of boots
 u - a +1 plate armour (worn)
 z - a +0 pair of boots (worn)
 P - a +0 orcish cloak (worn)
 U - a +2 pair of gloves (worn)
Magical devices
 e - a wand of confusion (12) {unknown}
 l - a wand of teleportation (3) {unknown}
 Y - a wand of enslavement (9) {unknown}
Comestibles
 c - 7 bread rations
 o - 5 meat rations
 v - 2 apples
 N - a snozzcumber
 S - 3 chunks of polar bear flesh
 Z - 6 grapes
Scrolls
 d - 3 scrolls of fog
 p - 3 scrolls of blinking
 q - 3 scrolls of recharging {unknown}
 A - a scroll of enchant weapon I
 B - 2 scrolls of identify
 C - a scroll of silence
 D - 4 scrolls of remove curse
 E - 5 scrolls of teleportation
 H - 5 scrolls of magic mapping
 X - a scroll of enchant armour
Jewellery
 f - a +4 ring of dexterity
 i - an uncursed ring of fire
 j - an uncursed ring of positive energy
 n - a +3 ring of dexterity (left hand)
 t - a ring of ice (right hand)
 x - an uncursed amulet of resist mutation
 y - a +3 ring of intelligence
 K - an amulet of clarity (around neck)
 M - a cursed amulet of guardian spirit {unknown}
 W - an uncursed ring of flight {unknown}
Potions
 g - 2 potions of brilliance
 k - a potion of speed
 w - 2 potions of flight
 G - a potion of lignification
 I - 2 potions of restore abilities
 T - a potion of might


   Skills:
 + Level 13.2 Fighting
 + Level 17.4 Axes
 + Level 4.1 Crossbows
 - Level 0.4 Throwing
 + Level 13.9 Armour
 + Level 5.0 Dodging
 + Level 0.4 Evocations


You had 12 spell levels left.
You didn't know any spells.

Dungeon Overview and Level Annotations

Branches:
Dungeon (10/16)              Lair (8/8) D:9          Shoals (0/5) Lair:3
 Spider (0/5) Lair:4        Slime (0/6) Lair:7
 Temple: D:4-7          Orc: D:9-12

Altars:
Ashenzari
Kikubaaqudgha
Jiyva

Annotations:
IceCv exclusion: ice statue


Innate Abilities, Weirdness & Mutations

You reflexively headbutt those who attack you in melee.
You have a pair of large horns on your head.
You have large cloven feet.
You are agile. (Dex +2)
Your digestive system is specialised to digest meat.


Message History

The ice statue throws cold at you.
The freezing blast hits the ice beast.
The ice beast completely resists.
The freezing blast hits you! You resist.
* * * LOW HITPOINT WARNING * * *
The ice beast hits you but does no damage.
The ice beast hits you.
* * * LOW HITPOINT WARNING * * *
The ice beast freezes you! You resist.
One of your 2 potions of speed freezes and shatters!
* * * LOW HITPOINT WARNING * * *
The ice statue throws cold at you. The freezing blast misses you.
The ice beast hits you but does no damage.
Use which ability? (? or * to list)
Okay, then.
Drink which item? (? for menu, Esc to quit)
You feel better. The ice statue throws ice at you. The shard of ice hits you!
You partially resist.
You die...

###########
##....§§§§§##
#...8.§§8§..#
##....?.§.§..##
#....I@[§§§...#
#....8II§§§...#
#.........§...#
##.......§...##
#...........#
#...........#
##.........##
##...∩...##
##.....##


You could see an ice statue and 3 ice beasts.

Vanquished Creatures
  Fannar (Lair:4)
  2 hydras
  5 red-nosed reindeers (Lair:5)
  Nergalle (D:10)
  A hill giant (D:10)
  An ice statue (IceCv)
  A wolf spider (Lair:4)
  2 griffons
  9 spiny frogs
  2 black mambas
  5 fire drakes
  5 komodo dragons
  3 trolls (D:10)
  Prince Ribbit (D:7)
  8 blink frogs
  6 basilisks
  33 reindeers
  A shark (Lair:4)
  3 wyverns
  6 hippogriffs
  A manticore (D:10)
  11 wolves
  10 ice beasts
  An orc warrior (D:10)
  9 porcupines
  2 sky beasts (D:8)
  5 ogres
  2 phantoms (D:9)
  A giant goldfish (Lair:4)
  8 crocodiles
  5 centaurs
  A big kobold (D:10)
  9 giant slugs
  2 water moccasins
  A manticore zombie (D:10)
  8 giant frogs
  6 agate snails
  A troll zombie (D:9)
  9 wights (D:10)
  A reindeer skeleton (D:7)
  7 hounds
  3 goliath beetles
  A jelly (D:9)
  A big fish (Lair:4)
  3 orc priests (D:10)
  5 crimson imps
  5 iguanas
  A quasit (D:9)
  A two-headed ogre skeleton (D:7)
  A killer bee zombie (D:3)
  3 orc wizards
  4 worker ants
  4 scorpions
  An ogre zombie (D:4)
  4 sheep (Lair:5)
  A sky beast zombie (D:7)
  Ijyb (D:7)
  An ogre skeleton (D:6)
  A mummy (D:9)
  23 green rats
  16 adders
  3 giant centipedes
  7 gnolls
  3 giant mites
  4 worms
  An iguana skeleton (D:6)
  10 giant geckos
  An ooze (D:2)
  12 orcs
  11 bats
  2 giant cockroaches
  9 goblins
  7 hobgoblins
  14 jackals
  10 quokkas
  6 giant newts
  A giant spore (D:9)
  14 kobolds
  A kobold skeleton (D:7)
  A kobold zombie (D:7)
  An orc zombie (D:6)
  17 rats
  9 fungi
  3 plants
423 creatures vanquished.

Vanquished Creatures (collateral kills)
  An ice dragon (Lair:8)
  A hydra (Lair:6)
  2 polar bears (Lair:8)
  2 komodo dragons (Lair:8)
  A reindeer (Lair:6)
  A giant slug (Lair:6)
8 creatures vanquished.

Vanquished Creatures (others)
  A troll (Lair:8)
  4 fungi
5 creatures vanquished.

Grand Total: 436 creatures vanquished

Notes
Turn   | Place    | Note
--------------------------------------------------------------
     0 | D:1      | Duskembrace, the Minotaur Berserker, began the quest for the Orb.
     0 | D:1      | Reached XP level 1. HP: 19/19 MP: 1/1
   164 | D:1      | Reached skill level 4 in Axes
   304 | D:1      | Reached XP level 2. HP: 24/26 MP: 1/1
   762 | D:2      | Reached skill level 5 in Axes
   787 | D:2      | Acquired Trog's second power
   787 | D:2      | Reached XP level 3. HP: 25/31 MP: 2/2
   941 | D:2      | Found a shattered altar of Ashenzari.
  1263 | D:3      | Reached skill level 6 in Axes
  1263 | D:3      | Reached XP level 4. HP: 7/39 MP: 2/2
  2044 | D:4      | Reached skill level 7 in Axes
  2044 | D:4      | Reached XP level 5. HP: 36/45 MP: 2/2
  2237 | D:4      | Noticed an ogre
  2244 | D:4      | Killed an ogre
  2244 | D:4      | Reached skill level 8 in Axes
  2244 | D:4      | Reached XP level 6. HP: 51/51 MP: 3/3
  2358 | D:5      | Entered Level 5 of the Dungeon
  2375 | D:5      | Found an ancient bone altar of Kikubaaqudgha.
  2653 | D:5      | Reached skill level 9 in Axes
  2896 | D:5      | Reached XP level 7. HP: 50/58 MP: 3/3
  2995 | D:6      | Acquired Trog's third power
  3057 | D:6      | Reached skill level 10 in Axes
  3832 | D:6      | Reached XP level 8. HP: 46/67 MP: 3/3
  3958 | D:6      | Reached skill level 5 in Fighting
  4186 | D:7      | Noticed Ijyb
  4199 | D:7      | Killed Ijyb
  4217 | D:7      | Reached skill level 5 in Armour
  4416 | D:7      | Reached skill level 11 in Axes
  4737 | D:7      | Noticed Prince Ribbit
  4744 | D:7      | Killed Prince Ribbit
  5159 | D:8      | You fall through a shaft for 2 floors!
  5159 | D:10     | Entered Level 10 of the Dungeon
  5159 | D:10     | Noticed a hill giant
  5175 | D:10     | Killed a hill giant
  5175 | D:10     | Reached skill level 12 in Axes
  5175 | D:10     | Reached XP level 9. HP: 78/78 MP: 4/4
  5467 | D:10     | Gained mutation: Your digestive system is specialised to digest meat. [potion of beneficial mutation]
  5468 | D:10     | Gained mutation: You have a pair of large horns on your head. [potion of beneficial mutation]
  5614 | D:10     | Noticed a troll
  5625 | D:10     | Killed a troll
  5669 | D:10     | Reached skill level 13 in Axes
  5676 | D:10     | Noticed a troll
  5700 | D:10     | Killed a troll
  5700 | D:10     | Reached XP level 10. HP: 34/88 MP: 4/4
  6036 | D:10     | Noticed Nergalle
  6046 | D:10     | Killed Nergalle
  6058 | D:10     | Received a gift from Trog
  6160 | D:9      | Reached skill level 10 in Armour
  6173 | D:9      | Gained mutation: You are agile. (Dex +2) [potion of beneficial mutation]
  6527 | D:9      | Found a staircase to the Lair.
  6574 | Lair:1   | Entered Level 1 of the Lair of Beasts
  6919 | Lair:1   | Reached skill level 14 in Axes
  7906 | Lair:1   | Reached XP level 11. HP: 86/97 MP: 4/4
  8226 | Lair:1   | Upgraded the game from 0.14-a0-1613-gd720e3e to 0.14-a0-1626-g054e7ae
  8308 | Lair:2   | Reached skill level 1 in Crossbows
  8396 | Lair:2   | Reached skill level 10 in Fighting
  8736 | Lair:2   | Gained mutation: You have large cloven feet. [potion of beneficial mutation]
  9248 | Lair:3   | Found a staircase to the Shoals.
  9260 | Lair:3   | Received a gift from Trog
  9634 | Lair:4   | Found a hole to the Spider Nest.
  9912 | Lair:4   | Noticed Fannar
  9925 | Lair:4   | Killed Fannar
 10060 | Lair:5   | Reached skill level 15 in Axes
 10060 | Lair:5   | Reached XP level 12. HP: 72/110 MP: 1/5
 10226 | Lair:5   | Noticed a red-nosed reindeer
 10226 | Lair:5   | Noticed a red-nosed reindeer
 10226 | Lair:5   | Noticed a red-nosed reindeer
 10226 | Lair:5   | Noticed a red-nosed reindeer
 10228 | Lair:5   | Noticed a red-nosed reindeer
 10232 | Lair:5   | Killed a red-nosed reindeer
 10236 | Lair:5   | Killed a red-nosed reindeer
 10237 | Lair:5   | Killed a red-nosed reindeer
 10239 | Lair:5   | Killed a red-nosed reindeer
 10241 | Lair:5   | Killed a red-nosed reindeer
 10807 | Lair:6   | Received a gift from Trog
 10817 | Lair:6   | Noticed a five-headed hydra
 10828 | Lair:6   | Killed a six-headed hydra
 10898 | Lair:6   | Reached skill level 16 in Axes
 11448 | Lair:7   | Noticed a six-headed hydra
 11454 | Lair:7   | Killed a nine-headed hydra
 12249 | Lair:7   | Reached XP level 13. HP: 97/119 MP: 1/5
 12299 | Lair:7   | Found a viscous altar of Jiyva.
 12299 | Lair:7   | Found a staircase to the Slime Pits.
 12394 | Lair:8   | Entered Level 8 of the Lair of Beasts
 12604 | Lair:8   | Reached skill level 17 in Axes
 12737 | Lair:8   | Received a gift from Trog
 12797 | Lair:8   | Found a frozen archway.
 12918 | IceCv    | Entered an ice cave
 12946 | IceCv    | Reached skill level 5 in Dodging
 12953 | IceCv    | Killed from afar by an ice statue

Action                   |  1- 3 |  4- 6 |  7- 9 | 10-12 | 13-15 || total
-------------------------+-------+-------+-------+-------+-------++-------
Melee: Hand axe          |    83 |   130 |   366 |    40 |       ||   619
       War axe           |       |       |       |   233 |    51 ||   284
       Executioner's axe |       |       |       |    42 |       ||    42
       Battleaxe         |       |       |       |   222 |    66 ||   288
 Fire: Crossbow          |       |       |       |    22 |       ||    22
Throw: Dart              |       |       |       |     3 |       ||     3
Invok: Berserk           |       |     2 |     7 |     8 |     1 ||    18
       Burn Spellbooks   |       |     1 |     1 |     1 |     2 ||     5
       Brothers in Arms  |       |       |       |     1 |     2 ||     3
       Trog's Hand       |       |       |       |       |     1 ||     1
Evoke: Wand              |       |       |       |     2 |       ||     2
  Use: Scroll            |       |       |     9 |    26 |       ||    35
       Potion            |       |       |     3 |     2 |     3 ||     8
 Stab: Distracted        |       |       |       |       |     1 ||     1
